 Dungeon Crawl Stone Soup version 0.28.0-47-ge53b351184 (webtiles) character file.

Game seed: 5723724447126333907

534 Zeld the Chopper (level 7, 0/63 HPs)
             Began as a Hill Orc Monk on May 2, 2022.
             Was a Believer of Beogh.
             Slain by a scorpion (7 damage)
             ... on level 4 of the Dungeon.
             The game lasted 00:07:09 (7982 turns).

Zeld the Chopper (Hill Orc Monk)                    Turns: 7982, Time: 00:07:10

Health: 0/63       AC:  3    Str: 16    XL:     7   Next: 25%
Magic:  7/7        EV: 13    Int: 10    God:    Beogh [**....]
Gold:   25         SH:  0    Dex: 13    Spells: 6/6 levels left

rFire   . . .      SeeInvis .   a - +0 hand axe
rCold   . . .      Faith    .   (no shield)
rNeg    . . .      Spirit   .   b - +0 robe
rPois   .          Reflect  .   (no helmet)
rElec   .          Harm     .   d - +0 cloak
rCorr   .          Rampage  .   (no gloves)
Will    .....                   (no boots)
Stlth   ++........              (no amulet)
HPRegen 0.20/turn               (no ring)
MPRegen 0.10/turn               (no ring)

@: lethally poisoned (0 -> -1)
A: no striking features
a: Renounce Religion, Smiting


You were on level 4 of the Dungeon.
You worshipped Beogh.
Beogh was pleased with you.
You visited 2 branches of the dungeon, and saw 6 of its levels.

You collected 305 gold pieces.
You spent 280 gold pieces at shops.

Inventory:

Hand Weapons
 a - a +0 hand axe (weapon)
Armour
 b - a +0 robe (worn)
 d - a +0 cloak (worn)
Wands
 n - a wand of polymorph (4)
Scrolls
 c - 8 scrolls of identify
 g - 4 scrolls of teleportation
 h - a scroll of immolation {unknown}
 k - a scroll of enchant weapon {unknown}
 p - a scroll of fog {unknown}
 q - a scroll of magic mapping {unknown}
 s - 2 scrolls of fear
 t - 2 scrolls of amnesia {unknown}
Potions
 e - a potion of attraction {unknown}
 f - 2 potions of curing {unknown}
 i - 2 potions of degeneration {unknown}
 j - 4 potions of lignification {unknown}
 l - a potion of invisibility {unknown}
 m - a potion of haste {unknown}
 o - a potion of resistance {unknown}
 r - 2 potions of brilliance {unknown}


   Skills:
 * Level 6.0 Fighting
 * Level 6.6 Axes
 + Level 2.7 Armour
 + Level 3.3 Dodging
 + Level 2.9 Stealth


You had 6 spell levels left.
You didn't know any spells.
Your spell library was empty.

Dungeon Overview and Level Annotations

Branches:
Dungeon (5/15)             Temple (1/1) D:5

Altars:
Cheibriados
Dithmenos
Elyvilon
Fedhas
Gozag
Hepliaklqana
Kikubaaqudgha
Makhleb
Nemelex Xobeh
Qazlal
Sif Muna
Trog
Uskayaw
Vehumet
Wu Jian
Xom
Yredelemnul
The Shining One

Shops:
D:5 ?


Message History

The scorpion poisons you!
You closely miss the scorpion.
The scorpion is lightly wounded.
You feel sick. The scorpion closely misses you.
You hit the scorpion.
The scorpion is moderately wounded.
You feel sick. The scorpion stings you.
You are more poisoned.
The scorpion poisons you!
You are too injured to fight recklessly!
You hit the scorpion.
The scorpion is heavily wounded.
You feel sick. The scorpion closely misses you.
You hit the scorpion.
The scorpion is severely wounded.
You feel very sick. The scorpion barely misses you.
You barely miss the scorpion.
The scorpion is severely wounded.
You feel sick. The scorpion stings you!
* * * LOW HITPOINT WARNING * * *
You barely miss the scorpion.
The scorpion is severely wounded.
You feel sick. The scorpion closely misses you. The scorpion misses you.
You hit the scorpion.
The scorpion is severely wounded.
You feel sick. The scorpion barely misses you.
You barely miss the scorpion.
The scorpion is severely wounded.
You feel sick.
The scorpion stings you but does no damage.
A scorpion is nearby!
You hit the scorpion.
The scorpion is severely wounded.
You feel sick.
The scorpion stings you but does no damage.
You hit the scorpion.
The scorpion is severely wounded.
You feel sick. The scorpion stings you!
You die...

........#
#..#.##..........#...
).......#
##.#.################
#8###8###
#.#.........)....... ###
### #...################
##..#########
#..##......######
####..#............#
#....s#.......####'###
#....@#.......# #..#8#
#.....#.......# #.....
####### #######.......#
#..... ......#######
#.#########.....
............#
#.#......###+#8#
............# #.#......#
#.###
............######.#......#
#.#
.(........................#
#.#
............##......(.....#
#.#


You could see a scorpion.

Vanquished Creatures
  A phantom (D:5)
  A scorpion (D:5)
  A water moccasin skeleton (D:5)
  3 hounds
  Jessica (D:2)
  A scorpion zombie (D:5)
  Ijyb (D:3)
  Terence (D:2)
  An iguana (D:4)
  A gnoll (D:5)
  5 adders
  An ufetubus (D:4)
  An adder skeleton (D:4)
  3 dart slugs
  An orc (D:4)
  4 bats
  3 endoplasms
  3 giant cockroaches
  10 goblins
  6 hobgoblins
  6 jackals
  4 quokkas
  3 ball pythons
  A frilled lizard (D:1)
  5 kobolds
  6 rats
74 creatures vanquished.

Vanquished Creatures (others)
  5 plants (D:4)
5 creatures vanquished.

Grand Total: 79 creatures vanquished

Notes
Turn   | Place    | Note
-------+----------+-------------------------------------------
     0 | D:1      | Zeld the Hill Orc Monk began the quest for the Orb.
     0 | D:1      | Reached XP level 1. HP: 19/19 MP: 1/1
    27 | D:1      | Found a faded altar of an unknown god.
    66 | D:2      | Noticed Terence
   299 | D:2      | Noticed Jessica
   336 | D:3      | Found a stormy altar of Qazlal.
   432 | D:3      | Found a basalt altar of Yredelemnul.
   610 | D:3      | Found a runed translucent door.
   611 | D:3      | Noticed Crazy Yiuf
   662 | D:3      | Reached XP level 2. HP: 27/27 MP: 2/2
   984 | D:3      | Noticed an ogre
  1033 | D:2      | Killed Jessica
  1034 | D:2      | Reached skill level 1 in Armour
  1034 | D:2      | Reached XP level 3. HP: 12/33 MP: 3/3
  1352 | D:2      | Reached XP level 4. HP: 41/41 MP: 4/4
  1854 | D:4      | Noticed an orc warrior
  1859 | D:4      | Became a worshipper of Beogh the Brigand
  1859 | D:4      | Reached * piety under Beogh
  1859 | D:4      | Reached ** piety under Beogh
  1994 | D:1      | Reached skill level 5 in Axes
  2921 | D:2      | Reached XP level 5. HP: 10/47 MP: 5/5
  3835 | D:3      | Noticed Ijyb
  3846 | D:3      | Killed Ijyb
  4558 | D:2      | Killed Terence
  4929 | D:3      | Noticed a boggart
  4929 | D:3      | an ogre changed into a boggart
  4940 | D:3      | Reached skill level 5 in Fighting
  5679 | D:4      | Found a hazy altar of Hepliaklqana.
  6019 | D:4      | Found a glowing golden altar of the Shining One.
  6062 | D:4      | Reached XP level 6. HP: 35/56 MP: 6/6
  6952 | D:5      | Entered Level 5 of the Dungeon
  6969 | D:5      | Found Boerues's Magic Scroll Shoppe.
  6978 | D:5      | Bought a scroll of identify for 28 gold pieces
  6978 | D:5      | Bought a scroll of identify for 28 gold pieces
  6978 | D:5      | Bought a scroll of fear for 49 gold pieces
  6978 | D:5      | Bought a scroll of fear for 49 gold pieces
  6978 | D:5      | Bought a scroll of teleportation for 42 gold pieces
  6978 | D:5      | Bought a scroll of teleportation for 42 gold pieces
  6978 | D:5      | Bought a scroll of teleportation for 42 gold pieces
  7053 | D:5      | HP: 2/56 [poisoned by a scorpion]
  7392 | D:5      | Reached XP level 7. HP: 42/62 MP: 7/7
  7523 | D:5      | Found a staircase to the Ecumenical Temple.
  7533 | Temple   | Entered the Ecumenical Temple
  7982 | D:4      | Slain by a scorpion

Illustrated notes

Levels and vault maps discovered:
D:1:      noname_arrival_rooms_in_the_neighbourhood, layout_loops_ring,
          hellmonk_ecumenical_altar_run_dry, hangedman_abyss_or_decor_stabs
D:2:      layout_loops_corners, uniq_terence, uniq_jessica
D:3:      layout_loops_cross, grunt_qazlal_sundering,
          mainiacjoe_overflow_surrounded_room, minmay_ogre_servants,
          uniq_crazy_yiuf_cottage, uniq_ijyb
D:4:      layout_basic, nicolae_hepliaklqana_hazy_memory, tso_oasis_becter,
          serial_corexii_hall, corexii_hall_statues_x, chequers_hall_statues_y,
          serial_bayou_pond_c
D:5:      lemuel_castle_with_subvaults [lemuel_castle_interior_carwin_3],
          layout_basic, minmay_temple_entry_stoned_glass, serial_shops, shop,
          minmay_misc_feat_roman, uniq_eustachio
Temple:   jpeg_temple_clearing

Skill      XL: |  1  2  3  4  5  6  7 |
---------------+----------------------+-----
Fighting       | 4 5 6 |  6.0
Armour         | 1 2 |  2.7
Stealth        | 2 |  2.9
Axes           | 5 6 |  6.6
Dodging        | 3 |  3.3

Action                   |  1- 3 |  4- 6 |  7- 9 || total
-------------------------+-------+-------+-------++-------
Melee: Hand axe          |    70 |   216 |    48 ||   334
       Punch             |     1 |     5 |       ||     6
       Unarmed           |       |     4 |       ||     4
Invok: Convert to Beogh  |       |     1 |       ||     1
       Smiting           |       |     1 |       ||     1
Evoke: Wand              |       |     6 |       ||     6
 Stab: Sleeping          |     2 |    11 |       ||    13
Armor: Robe              |    22 |    53 |     7 ||    82
Dodge: Dodged            |    62 |   143 |    28 ||   233
